 Dungeon Crawl Stone Soup version 0.22.1-1-ga44c0e56f4 (webtiles) character file.

249 Ihlosi the Slasher (level 6, -3/47 HPs)
             Began as a Human Gladiator on Nov 9, 2018.
             Slain by Pikel
             ... wielding a +2 whip of flaming
              (10 damage)
             ... on level 4 of the Dungeon.
             The game lasted 00:09:57 (4449 turns).

Ihlosi the Slasher (Human Gladiator)                Turns: 4449, Time: 00:09:58

Health: -3/47      AC:  4    Str: 14    XL:     6   Next: 35%
Magic:  6/6        EV: 13    Int:  8    God:
Gold:   96         SH:  0    Dex: 17    Spells: 5/5 levels left

rFire    . . .     SeeInvis .   r - +9 glaive of the Beginning {elec, +Fly MR+ Stlth+}
rCold    . . .     Gourm    .   (shield currently unavailable)
rNeg     + . .     Faith    .   b - +0 leather armour
rPois    .         Spirit   .   c - +0 helmet
rElec    .         Reflect  .   (no cloak)
rCorr    +         Harm     .   (no gloves)
MR       +....                  (no boots)
Stlth    +++.......             (no amulet)
HPRegen  0.15/turn              q - ring of positive energy
MPRegen  0.10/turn              l - ring of resist corrosion

@: no status effects
A: no striking features
a: Evoke Flight


You were on level 4 of the Dungeon.
You were hungry.

You visited 1 branch of the dungeon, and saw 4 of its levels.
You also visited: Sewer.

You collected 96 gold pieces.

Inventory:

Hand Weapons
 a - a +1 long sword
 i - a +2 dagger of venom
 r - the +9 glaive of the Beginning (weapon) {elec, +Fly MR+ Stlth+}
   (You found it on level 4 of the Dungeon)

   Occasionally, upon striking a foe, it will discharge some electrical energy
   and cause terrible harm.
   It affects your resistance to hostile enchantments.
   It lets you fly.
   It makes you more stealthy.
Missiles
 d - 3 throwing nets (quivered)
Armour
 b - a +0 leather armour (worn)
 c - a +0 helmet (worn)
Jewellery
 l - a ring of resist corrosion (right hand)
 q - a ring of positive energy (left hand)
Wands
 s - a wand of scattershot (6)
Scrolls
 e - a scroll of enchant weapon
 j - a scroll of fear
 k - 7 scrolls of teleportation
 m - a scroll of immolation {unknown}
 n - 4 scrolls of enchant armour {unknown}
 o - a scroll of blinking
 p - a scroll of identify
 t - a scroll of fog {unknown}
 u - a scroll of noise {unknown}
Potions
 g - a potion of heal wounds
 h - a potion of brilliance
 v - a potion of invisibility
 w - a potion of lignification
 x - a potion of curing
 z - a potion of might {unknown}
Comestibles
 f - 5 rations


   Skills:
 * Level 3.4 Fighting
 + Level 4.7 Long Blades
 - Level 2.0 Throwing
 - Level 3.0 Armour
 - Level 3.0 Dodging
 - Level 1.0 Stealth
 * Level 0.4 Evocations


You had 5 spell levels left.
You didn't know any spells.
Your spell library was empty.

Dungeon Overview and Level Annotations

Branches:
Dungeon (4/15)
 Temple: D:4-7

Altars:
Elyvilon
Fedhas
Qazlal
Sif Muna

Annotations:
D:4 Pikel


Message History

You closely miss the orc. The orc hits you with a short sword.
The orc barely misses you.
You hit the orc. Lightning courses through the orc!
You kill the orc!
Pikel closely misses you.
You closely miss Pikel. Pikel closely misses you.
Pikel hits you with a whip of flaming. Pikel burns you.
You barely miss Pikel. Pikel closely misses you.
You barely miss Pikel.
Pikel says, "You'll feel the lick of my whip!"
Pikel hits you with a whip of flaming. Pikel burns you.
Pikel hits you with a whip of flaming. Pikel burns you.
You barely miss Pikel. Pikel closely misses you.
Pikel hits you with a whip of flaming!
* * * LOW HITPOINT WARNING * * *
Pikel burns you.
* * * LOW HITPOINT WARNING * * *
You barely miss Pikel. Pikel completely misses you.
Pikel hits you with a whip of flaming!
You die...

#.# #.#.#
#p.## #.#
#.#.# # #K..#
#.# #.#.#
#.##.#####
#>########.#.#
#...p....#
#.........#..#
####o###.#
##########.###
#p# #.# #.#
#.########.#
#.....@Kpp.#
############


You could see Pikel and 2 slaves.

Vanquished Creatures
  2 slaves (D:4)
  2 orc wizards
  9 adders
  2 oozes
  2 worms
  A dart slug (D:3)
  A leopard gecko (D:1)
  13 orcs
  2 giant cockroaches
  5 goblins
  9 hobgoblins
  5 jackals (Sewer)
  17 kobolds
  A quokka (D:3)
  3 ball pythons
  9 bats
  6 frilled lizards
  5 rats
  A plant (Sewer)
95 creatures vanquished.

Notes
Turn   | Place    | Note
-------+----------+-------------------------------------------
     0 | D:1      | Ihlosi the Human Gladiator began the quest for the Orb.
     0 | D:1      | Reached XP level 1. HP: 16/16 MP: 1/1
   384 | D:1      | Reached XP level 2. HP: 14/22 MP: 2/2
  1082 | D:1      | Reached skill level 1 in Stealth
  1297 | D:2      | Reached skill level 1 in Armour
  1297 | D:2      | Reached XP level 3. HP: 28/28 MP: 3/3
  1421 | D:2      | Reached XP level 4. HP: 22/34 MP: 4/4
  2355 | D:3      | You fall through a shaft!
  2416 | D:3      | Reached XP level 5. HP: 35/39 MP: 5/5
  2520 | D:3      | Found a white marble altar of Elyvilon.
  2640 | D:3      | Found a deep blue altar of Sif Muna.
  2674 | D:3      | Reached skill level 4 in Long Blades
  2783 | D:3      | Found a blossoming altar of Fedhas.
  2784 | D:3      | Found a stormy altar of Qazlal.
  2928 | D:3      | Found a glowing drain.
  2937 | Sewer    | Entered a sewer
  3310 | Sewer    | Reached XP level 6. HP: 43/47 MP: 6/6
  4117 | D:4      | Got a crystal glaive
  4162 | D:3      | Identified the +9 glaive of the Beginning {elec, +Fly MR+
                  | Stlth+} (You found it on level 4 of the Dungeon)
  4420 | D:4      | Noticed a slave
  4420 | D:4      | Noticed a slave
  4420 | D:4      | Noticed a slave
  4422 | D:4      | Noticed a slave
  4427 | D:4      | Noticed Pikel
  4437 | D:4      | Killed a slave
  4439 | D:4      | Killed a slave
  4449 | D:4      | Slain by Pikel

Skill      XL: |  1  2  3  4  5 |
---------------+----------------+-----
Stealth        | 1 |  1.0
Armour         | 1 2 3 |  3.0
Long Blades    | 4 |  4.7
Fighting       | 3 |  3.4
Throwing       | |  2.0
Dodging        | |  3.0
Evocations     | |  0.4

Action                   |  1- 3 |  4- 6 || total
-------------------------+-------+-------++-------
Melee: Long sword        |    57 |   180 ||   237
       Glaive            |       |    26 ||    26
       Dagger            |       |    13 ||    13
Throw: Throwing net      |     3 |     1 ||     4
  Use: Scroll            |       |     5 ||     5
       Potion            |       |     8 ||     8
  Eat: Chunk             |     2 |     6 ||     8
       Ration            |       |     1 ||     1
Armor: Leather armour    |    15 |    35 ||    50
       Ring mail         |       |    14 ||    14
Dodge: Dodged            |    40 |   150 ||   190
       Rpst.: Long sword |    15 |    48 ||    63
